AoeStats
← Lucky Luck

Nomad

509098534Analyzed
4v4 RM · 7d ago on Sep 25, 2026· 51m 16s· 8 players
Game mode
Random Map
Map size
231×231
Population
200
Speed
Normal
Resources
Standard
Victory
Conquest
Starting age
Dark Age
Ending age
Imperial Age
RankedLock teamsTeams togetherTeam positionsShared explorationLock speedFull tech treeHidden civsTurbo modeCheats
Victory
Defeat
🇫🇷 Bulgarians · France
789
+16
🇨🇳 Vietnamese · China
785
+16
🇮🇩 Danes · Indonesia
783
+16
🇨🇳 Celts · China
760
+17
🇨🇳 Maya · China
887
-20
🇨🇱 Turks · Chile
820
-42
🇺🇸 Huns · United States
731
-14
🇪🇸 Vikings · Spain
716
-13
kriber
4:52 Loom
23:20 Feudal Age
24:47 Fishing Lines
25:29 Scale Mail Armor
25:40 Forging
32:28 Castle Age
31:52 Bloodlines
31:50 Scale Barding Armor
35:39 Gold Mining
35:40 Stone Mining
35:37 Double-Bit Axe
35:36 Horse Collar
37:00 Chain Mail Armor
37:21 Iron Casting
36:50 Squires
38:07 Murder Holes
38:11 Stirrups
39:20 Stone Shaft Mining
39:21 Gold Shaft Mining
38:58 Bow Saw
42:03 Gillnets
43:03 Husbandry
42:25 Light Cavalry
44:12 Chain Barding Armor
43:42 Gambesons
43:55 Fletching
45:28 Wheelbarrow
45:00 Heavy Plow
45:37 Town Watch
47:43 Hand Cart
52:23 Imperial Age
51:01 Demolition Ship
51:57 Medium Warships
卢本伟
5:10 Loom
16:13 Feudal Age
18:17 Fishing Lines
21:36 Castle Age
20:08 Stone Mining
20:07 Double-Bit Axe
20:37 Gold Mining
20:45 Horse Collar
24:09 Wheelbarrow
23:47 Bow Saw
24:14 Stone Shaft Mining
24:30 Hand Cart
25:51 Heavy Plow
26:20 Gillnets
32:17 Imperial Age
31:10 Fletching
31:03 Treadmill Crane
31:48 Ballistics
31:32 Padded Archer Armor
32:49 Thumb Ring
32:06 Crossbowman
32:28 Elite Rattan Archer
33:37 Paper Money
33:31 Bodkin Arrow
33:57 Leather Archer Armor
34:50 Chemistry
34:04 Siege Engineers
33:57 Murder Holes
35:21 Crop Rotation
39:32 Two-Man Saw
39:10 Bracer
39:48 Ring Archer Armor
44:40 Hoardings
Lagi Gabut
5:37 Loom
14:28 Feudal Age
22:39 Castle Age
24:42 Stone Mining
24:44 Gold Mining
31:53 Hamask
35:49 Wheelbarrow
44:32 Imperial Age
43:15 Double-Bit Axe
43:16 Horse Collar
44:00 Hand Cart
44:38 Elite Jomsviking
45:40 Conscription
45:30 Capped Ram
47:34 Scale Mail Armor
47:51 Northmen's Fury
49:12 Chain Mail Armor
49:09 Forging
49:07 Onager
50:04 Gold Mining
50:50 Stone Shaft Mining
51:33 Plate Mail Armor
51:39 Iron Casting
Nick76Luo
5:20 Loom
15:04 Feudal Age
15:34 Fishing Lines
15:42 Double-Bit Axe
16:37 Gold Mining
17:47 Stone Mining
20:55 Castle Age
22:19 Bow Saw
22:01 Gillnets
22:50 Gold Shaft Mining
25:06 Wheelbarrow
24:19 Town Watch
25:10 Stone Shaft Mining
28:34 Forging
28:24 Scale Mail Armor
29:01 Hand Cart
28:46 Pikeman
29:12 Arson
33:50 Imperial Age
31:37 Town Patrol
34:30 Iron Casting
33:45 Fletching
34:11 Chain Mail Armor
34:16 Horse Collar
34:52 Furor Celtica
34:33 Stronghold
35:03 Conscription
34:16 Sappers
35:22 Hoardings
34:56 Capped Ram
34:58 Heavy Scorpion
35:01 Halberdier
36:17 Bodkin Arrow
37:22 Stronghold
37:53 Conscription
37:42 Devotion
37:37 Herbal Medicine
37:39 Murder Holes
37:50 Siege Engineers
37:55 Masonry
38:06 Ballistics
38:11 Siege Ram
41:36 Heavy Plow
43:13 Hoardings
themoist_hoist2
11:14 Loom
21:33 Feudal Age
30:25 Castle Age
28:15 Double-Bit Axe
28:15 Fishing Lines
28:30 Stone Mining
30:41 Wheelbarrow
29:50 Horse Collar
31:54 Town Watch
34:43 Heavy Plow
35:06 Bow Saw
36:51 Gold Mining
37:13 Marauders
38:29 Forging
38:25 Scale Barding Armor
38:40 Hand Cart
39:57 Husbandry
40:08 Bloodlines
42:11 Gold Shaft Mining
48:32 Iron Casting
48:18 Chain Barding Armor
Nick
17:28 Feudal Age
19:38 Double-Bit Axe
21:59 Horse Collar
24:44 Castle Age
25:07 Stone Mining
26:46 Wheelbarrow
27:13 Bow Saw
32:06 Scale Barding Armor
37:10 Imperial Age
36:23 Hand Cart
36:19 Fletching
45:54 Caravan
Lucky Luck
7:41 Loom
7:49 Loom
18:38 Feudal Age
19:27 Stone Mining
19:28 Gold Mining
19:28 Double-Bit Axe
22:16 Man-at-Arms
24:53 Fishing Lines
27:31 Horse Collar
29:14 Arson
34:54 Castle Age
36:17 Long Swordsman
36:58 Squires
36:19 Pikeman
37:13 Forging
37:04 Scale Mail Armor
38:22 Medium Warships
38:04 Gillnets
41:18 Iron Casting
40:58 Chain Mail Armor
47:39 Imperial Age
45:36 Bow Saw
45:30 Heavy Plow
49:03 Murder Holes
50:09 Chemistry
49:31 Ballistics
Tiny7192
15:21 Feudal Age
14:24 Loom
21:20 Castle Age
20:17 Double-Bit Axe
23:34 Bow Saw
23:08 Horse Collar
29:48 Wheelbarrow
29:28 Town Watch
31:17 Forging
32:00 Hand Cart
36:43 Imperial Age
34:08 Loom
34:05 Eagle Warrior
34:33 Arson
35:08 Heavy Plow
35:17 Squires
37:36 Iron Casting
37:04 Town Patrol
37:14 Elite Eagle Warrior
39:24 Two-Man Saw
38:36 Scale Mail Armor
40:03 Blast Furnace
39:03 Gold Mining
40:15 Chain Mail Armor
41:43 Conscription
42:36 Plate Mail Armor
42:49 Crop Rotation
44:07 Hoardings
43:42 Fletching
44:30 Holcans
48:54 Bodkin Arrow
Connection lost

Rejoining the realm…

Still unreachable

The connection could not be restored.

Session expired

The server has moved on; the page needs a fresh start.